 Dungeon Crawl Stone Soup version 0.30-a0-883-g5ad918d77d (webtiles) character file.

Game seed: 5476632228488605763

3392 Pimp the Fighter (level 10, -4/106 HPs)
             Began as an Ogre Cinder Acolyte on Mar 16, 2023.
             Was an Initiate of Vehumet.
             Slain by a fire elemental (6 damage)
             ... created by the fiery vengeance of Ignis
             ... on level 7 of the Dungeon.
             The game lasted 00:36:06 (10535 turns).

Pimp the Fighter (Ogre Cinder Acolyte)             Turns: 10535, Time: 00:36:06

Health: -4/106     AC: 11    Str: 19 (20) XL:     10   Next: 4%
Magic:  6/6        EV:  9    Int: 17 (19) God:    Vehumet [......]
Gold:   477        SH:  0    Dex:  3 (4)  Spells: 4/21 levels left

rFire   . . .      SeeInvis .    n - +3 halberd (antimagic)
rCold   x . .      Faith    +    (shield currently unavailable)
rNeg    . . .      Spirit   .    b - +1 robe
rPois   .          Reflect  .    (helmet restricted)
rElec   .          Rampage  .    f - +2 cloak
rCorr   .                        (gloves unavailable)
Will    +....                    (boots unavailable)
Stlth   +                        o - amulet of faith
HPRegen 0.37/turn                r - ring of fire
MPRegen 0.10/turn                (no ring)

@: attractive, flying, invisible, fire susceptible
A: large, unfitting armour, tough skin 1, iridescent scales 2
a: Renounce Religion


You were on level 7 of the Dungeon.
You worshipped Vehumet.
Vehumet was noncommittal.
You visited 2 branches of the dungeon, and saw 8 of its levels.
You also visited: Sewer and Ossuary.

You collected 477 gold pieces.

Inventory:

Hand Weapons
 a - a +0 spear of flaming
 n - a +3 antimagic halberd (weapon)
 x - a +0 war axe of flaming
Missiles
 A - a throwing net (quivered)
Armour
 b - a +1 robe (worn)
 f - a +2 cloak (worn)
Jewellery
 o - an amulet of faith (around neck)
 r - a ring of fire (left hand)
Wands
 c - a wand of roots (17)
 h - a wand of digging (3)
 v - a wand of light (7)
Scrolls
 d - 2 scrolls of teleportation
 k - 2 scrolls of fear
 m - 4 scrolls of amnesia
 t - a scroll of immolation
 w - a scroll of fog
 y - a scroll of identify
Potions
 g - a potion of magic {unknown}
 i - 2 potions of flight
 l - a potion of resistance {unknown}
 p - 3 potions of degeneration
 q - a potion of haste {unknown}
 s - a potion of attraction
 u - 4 potions of mutation
 z - a potion of heal wounds {unknown}


   Skills:
 + Level 8.6 Fighting
 * Level 8.5 Polearms
 + Level 4.7 Dodging
 + Level 6.3 Spellcasting
 + Level 6.0 Fire Magic


You had 4 spell levels left.
You knew the following spells:

 Your Spells              Type           Power      Damage    Failure   Level
a - Scorch                Fire           76%        2d9       1%          2
b - Ignite Poison         Fire/Tmut/Pois 18%        N/A       16%         3
c - Sticky Flame          Conj/Fire      23%        2d4       34%         4
d - Ignition              Fire           19%        3d7       100%        8

Your spell library contained the following spells:

 Spells                   Type           Power      Damage    Failure   Level
 Freeze                   Ice            20%        1d4       13%         1
 Frozen Ramparts          Ice            10%        1d2       36%         3
 Hailstorm                Conj/Ice       5%         3d4       36%         3
 Animate Dead             Necr           5%         N/A       77%         4
 Borgnjor's Vile Clutch   Necr/Erth      2%         N/A       98%         5
 Death Channel            Necr           2%         N/A       100%        6


Dungeon Overview and Level Annotations

Branches:
Dungeon (7/15)             Temple (1/1) D:4           Sewer (visited)
Ossuary (visited)

Altars:
Ashenzari
Dithmenos
Elyvilon
Fedhas
Gozag
Hepliaklqana
Kikubaaqudgha
Makhleb
Nemelex Xobeh
Okawaru
Qazlal
Ru
Sif Muna
Trog
Vehumet
Wu Jian
Xom
Zin

Annotations:
D:7 2 runed translucent doors, jasper's ghost, novice TeFi


Innate Abilities, Weirdness & Mutations

You are too large for most types of armour.
You have tough skin. (AC +1)
You are mostly covered in iridescent scales. (AC +4)


Message History

You hit the fire elemental but do no damage.
The fire elemental is heavily damaged.
The fire elemental barely misses you. The fire elemental hits you.
The fire elemental burns you!
You barely miss the fire elemental.
The fire elemental is heavily damaged.
The fire elemental barely misses you.
You miss the fire elemental.
The fire elemental is heavily damaged.
The fire elemental closely misses you. The fire elemental misses you.
You slash the fire elemental!
You destroy the fire elemental!
That felt strangely unrewarding.
The fire elemental hits you. The fire elemental burns you!
* * * LOW HITPOINT WARNING * * *
You impale the fire elemental!!
The fire elemental is heavily damaged.
The fire elemental hits you. The fire elemental burns you!
* * * LOW HITPOINT WARNING * * *
The fire elemental barely misses you.
It was a potion of degeneration.
There was something very wrong with that liquid.
You feel weakened.
You feel dopey.
You feel clumsy. The fire elemental hits you. The fire elemental burns you!
* * * LOW HITPOINT WARNING * * *
It was a potion of flight.
You feel very buoyant.
You fly up into the air.
The fire elemental closely misses you.
It was a potion of attraction.
You feel attractive to monsters. The fire elemental barely misses you.
The fire elemental hits you. The fire elemental burns you!
* * * LOW HITPOINT WARNING * * *
The fire elemental is attracted toward you.
The fire elemental barely misses you.
The fire elemental is attracted toward you.
As you read the scroll of fog, it crumbles to dust.
The scroll dissolves into smoke.
The fire elemental hits you. The fire elemental burns you!
You die...

####.........#.#....#...#
...'..........#.......#.#
####....................#
# ##.......######.#.####
##.....##### ###○# ***
##........# #§# ,,*
##..####.# #○# *,*
#..####§#####.#
#.######..#...§§@EE○.#
..........#.##§#######
......<.....##.#
...........###.#
...............#
.....###.####### .....*
#.# .....* #.# ####** #.#


You could see 2 fire elementals.

Vanquished Creatures
  Sigmund (D:6)
  6 fire elementals
  A wyvern (D:7)
  2 steam dragons
  Duvessa (D:4)
  A water moccasin (D:5)
  2 orc warriors
  3 ice beasts
  2 black bears
  2 ogres
  A phantom (D:6)
  2 kobold brigands (D:7)
  2 bullfrogs
  A gnoll sergeant (D:6)
  A scorpion (D:5)
  3 wights (D:7)
  Dowan (D:4)
  An orc priest (D:7)
  A gnoll bouda (D:7)
  5 hounds
  2 sleepcaps
  Natasha (D:4)
  3 iguanas
  2 orc wizards (D:6)
  14 mummies (Ossuary)
  Robin (D:4)
  13 gnolls
  16 adders
  5 river rats (D:5)
  A white imp (D:6)
  3 ufetubi
  3 worms
  3 dart slugs
  19 orcs
  6 endoplasms
  13 giant cockroaches
  13 goblins
  6 hobgoblins
  6 jackals
  11 kobolds
  11 quokkas
  10 ball pythons
  4 bats
  12 frilled lizards
  5 gnoll skeletons (Ossuary)
  3 kobold skeletons (Ossuary)
  10 rats
  11 rat skeletons (Ossuary)
246 creatures vanquished.

Vanquished Creatures (others)
  An orc wizard (D:6)
  82 foxfires
  10 plants (D:6)
93 creatures vanquished.

Grand Total: 339 creatures vanquished

Notes
Turn   | Place    | Note
-------+----------+-------------------------------------------
     0 | D:1      | Pimp the Ogre Cinder Acolyte began the quest for the Orb.
     0 | D:1      | Reached XP level 1. HP: 24/24 MP: 2/2
   158 | D:1      | Reached XP level 2. HP: 31/32 MP: 4/4
   883 | D:1      | Reached XP level 3. HP: 34/40 MP: 5/5
  1208 | D:2      | Identified the +5 rapier of Bitz {drain, *Slow rN+++ Dex-3
                  | Stlth+}
  1400 | D:2      | Reached XP level 4. HP: 30/49 MP: 7/7
  2396 | D:3      | Reached skill level 5 in Fighting
  2534 | D:3      | Reached XP level 5. HP: 56/57 MP: 2/8
  2755 | D:3      | Identified the +6 short sword of Radicalism {flame, rPois
                  | rC+ Int+6 Stlth-}
  2886 | D:3      | Gained mutation: You are partially covered in iridescent
                  | scales. (AC +2) [potion of mutation]
  2886 | D:3      | Gained mutation: You are mostly covered in iridescent
                  | scales. (AC +4) [potion of mutation]
  3145 | D:4      | Found a sand-covered staircase.
  3154 | Ossuary  | Entered an ossuary
  3190 | Ossuary  | Reached XP level 6. HP: 65/66 MP: 3/10
  3202 | Ossuary  | Reached skill level 1 in Dodging
  4025 | D:4      | Noticed Duvessa
  4026 | D:4      | Noticed Dowan
  4045 | D:4      | Killed Duvessa
  4046 | D:4      | Reached skill level 5 in Polearms
  4046 | D:4      | Reached XP level 7. HP: 58/74 MP: 4/12
  4071 | D:4      | Killed Dowan
  4201 | D:4      | Noticed Robin
  4386 | D:4      | Found an ornate altar of the Wu Jian Council.
  4536 | D:4      | Killed Robin
  4711 | D:4      | Learned a level 2 spell: Scorch
  4788 | D:4      | Found a staircase to the Ecumenical Temple.
  4825 | Temple   | Entered the Ecumenical Temple
  4878 | D:4      | Noticed Natasha
  4884 | D:4      | Killed Natasha
  5207 | D:5      | Entered Level 5 of the Dungeon
  5382 | D:5      | Found a glowing drain.
  5387 | Sewer    | Entered a sewer
  5686 | Sewer    | Reached XP level 8. HP: 79/84 MP: 4/14
  6242 | D:5      | Found a bloodstained altar of Trog.
  6250 | D:5      | Found a radiant altar of Vehumet.
  6396 | D:6      | Reached skill level 5 in Spellcasting
  6396 | D:6      | Reached skill level 5 in Fire Magic
  6773 | D:6      | Reached XP level 9. HP: 41/93 MP: 5/16
  7743 | D:6      | Identified a scroll of acquirement
  7743 | D:6      | Acquired an Everburning Encyclopedia
  7758 | D:6      | Learned a level 3 spell: Ignite Poison
  7763 | D:6      | Learned a level 4 spell: Sticky Flame
  7772 | D:6      | Learned a level 8 spell: Ignition
  7952 | D:6      | Found a hazy altar of Hepliaklqana.
  8003 | D:6      | Found a broken altar of Ashenzari.
  8190 | D:5      | Fell from the grace of Ignis
  8190 | D:5      | Became a worshipper of Vehumet
  8506 | D:7      | Found an iron altar of Okawaru.
  9063 | D:6      | Noticed Sigmund
  9074 | D:6      | Killed Sigmund
  9593 | D:7      | Found a burning altar of Makhleb.
 10064 | D:7      | Found a large runed translucent door.
 10065 | D:7      | Found a large runed translucent door.
 10067 | D:7      | Noticed jasper's ghost (novice TeFi)
 10162 | D:7      | Found a shimmering altar of Xom.
 10343 | D:7      | Found a shimmering blue altar of Sif Muna.
 10401 | D:7      | Reached XP level 10. HP: 97/106 MP: 6/19
 10527 | D:7      | HP: 5/106 [fire elemental[the fiery vengeance of Ignis]
                  | (10)]
 10530 | D:7      | HP: 1/106 [fire elemental[the fiery vengeance of Ignis]
                  | (6)]
 10535 | D:7      | Slain by a fire elemental

Illustrated notes

Levels and vault maps discovered:
D:1:      minmay_arrival_split_and_join, layout_basic
D:2:      layout_basic
D:3:      cheibrodos_old_hovel, layout_basic, grunt_decor_clamped,
          nrook_mini_vaults
D:4:      layout_cave_pods, pdpol_wu_jian_five_deadly_venoms,
          minmay_temple_entry_drinking_statues, enter_ossuary_1, uniq_natasha,
          uniq_robin, uniq_duvessa
D:5:      minmay_octagon_keep, layout_rooms, mainiacjoe_overflow_big_doors,
          lightli_sewer_entry_pipes
D:6:      layout_layer_cave, ashenzari_conservatory_becter,
          nicolae_hepliaklqana_hazy_memory, hex_tiny, minmay_holes,
          kennysheep_windowed_goal, uniq_menkaure, uniq_sigmund
D:7:      layout_loops_corners, makhleb_heckhound_becter,
          nicolae_sif_muna_little_library, xom_teletrap_fun,
          okawaru_metal_pillars_3, ebering_ghost_disaster_area
Temple:   dpeg_three_leaves_temple

Skill      XL: |  1  2  3  4  5  6  7  8  9 |
---------------+----------------------------+-----
Fire Magic     | 3 4 5 6 |  6.0
Spellcasting   | 2 3 4 5 6 |  6.3
Fighting       | 5 6 7 8 |  8.6
Polearms       | 4 5 7 8 |  8.5
Dodging        | 1 2 3 4 |  4.7

Action                     |  1- 3 |  4- 6 |  7- 9 | 10-12 || total
---------------------------+-------+-------+-------+-------++-------
  Melee: Spear             |   113 |    40 |       |       ||   153
         Punch             |     1 |       |       |       ||     1
         Halberd           |       |   169 |   473 |    19 ||   661
   Cast: Scorch            |       |       |    14 |       ||    14
 Invoke: Fiery Armour      |     1 |     1 |     3 |       ||     5
         Foxfire Swarm     |       |     1 |     4 |       ||     5
    Use: Scroll            |       |    17 |     7 |     1 ||    25
         Potion            |       |     1 |    12 |     4 ||    17
   Stab: Invisible         |       |       |     1 |       ||     1
 Armour: Robe              |    45 |    88 |   295 |    16 ||   444
  Dodge: Dodged            |    57 |   107 |   251 |    18 ||   433

Table legend: (Time is in decaauts)
 A = Elapsed time spent in this place.
 B = Non-inter-level travel time spent in this place.
 C = Inter-level travel time spent in this place.
 D = Time resting spent in this place.
 E = Time spent auto-exploring this place.
 F = Levels seen in this place.
 G = Mean time per level.
                   A        B        C        D        E       F      G
               +--------+--------+--------+--------+--------+-----+--------+
         Total |  10670 |  10045 |    625 |   2502 |   5077 |  10 | 1067.0 |
       Dungeon |   9476 |   8866 |    610 |   2079 |   4995 |   7 | 1353.7 |
        Temple |     62 |     48 |     14 |      0 |      3 |   1 |   62.0 |
         Sewer |    341 |    341 |      0 |      5 |     79 |   1 |  341.0 |
       Ossuary |    789 |    789 |      0 |    418 |      0 |   1 |  789.0 |
               +--------+--------+--------+--------+--------+-----+--------+

Top non-repeatable levels by time:
     D:6: 2570 daAuts
     D:7: 1416 daAuts
     D:4: 1404 daAuts
     D:1: 1101 daAuts
     D:2: 1088 daAuts
     D:5: 965 daAuts
     D:3: 929 daAuts
 Ossuary: 789 daAuts
   Sewer: 341 daAuts
  Temple: 62 daAuts
